[Event "7th Iberoamerican-ch 2019"]
[Site "Linares"]
[Date "2019.08.17"]
[Round "8.30"]
[White "Balbuena Fuentes, Mario"]
[Black "Silva Rodriguez, Fernando"]
[Result "1/2-1/2"]
[ECO "A06"]
[WhiteElo "2268"]
[BlackElo "2253"]
[Annotator "NA"]
[PlyCount "97"]
[EventDate "2019.08.10"]
[EventType "swiss"]
[EventCountry "ESP"]
[SourceTitle "playchess.com"]
[Source "ChessBase"]
[SourceQuality "1"]
[TimeControl "5400+30"]

1. Nf3 d5 2. b3 Bg4 3. e3 Nd7 4. Bb2 c6 5. h3 Bh5 6. d3 Qc7 7. g4 Bg6 8. Nh4 e5 9. Nxg6 hxg6 10. Bg2 Bd6 11. c4 Ne7 12. Nc3 Qa5 13. a3 dxc4 14. dxc4 Bc7 15. b4 Qa6 16. Ne4 Rd8 17. Qb3 b5 18. c5 Nf6 19. Nd6+ Bxd6 20. cxd6 Rxd6 21. Bxe5 Re6 22. Bd4 O-O 23. O-O Nc8 24. Rfc1 Rd8 25. Rc2 Nd5 26. Rac1 Nce7 27. Qb2 Kh7 28. h4 Nb6 29. Bxg7 Nc4 30. Rxc4 bxc4 31. Bd4 Nd5 32. h5 c3 33. hxg6+ fxg6 34. Bxc3 Nxc3 35. Qxc3 Rd3 36. Qc5 Rd2 37. Bxc6 Qe2 38. Rf1 Rd1 39. Rxd1 Qxd1+ 40. Kh2 Qxg4 41. Bg2 Qh4+ 42. Kg1 Re7 43. Qd6 Rf7 44. Qd2 Qg4 45. Qd4 Qe2 46. Qh4+ Kg7 47. Qd4+ Kh7 48. Qh4+ Kg7 49. Qd4+ 1/2-1/2

[Event "7th Iberoamerican-ch 2019"]
[Site "Linares"]
[Date "2019.08.17"]
[Round "8.31"]
[White "Lopez Mulet, Inigo"]
[Black "Perera Borrego, Maria Adela"]
[Result "1/2-1/2"]
[ECO "E00"]
[WhiteElo "2397"]
[BlackElo "2186"]
[Annotator "NA"]
[PlyCount "31"]
[EventDate "2019.08.10"]
[EventType "swiss"]
[EventCountry "ESP"]
[SourceTitle "playchess.com"]
[Source "ChessBase"]
[SourceQuality "1"]
[TimeControl "5400+30"]

1. d4 e6 2. c4 Bb4+ 3. Bd2 a5 4. Nf3 Nf6 5. a3 Bxd2+ 6. Qxd2 b6 7. Nc3 Bb7 8. Qf4 h6 9. e4 d6 10. Bd3 Nc6 11. Qg3 g5 12. d5 Nh5 13. Qg4 Nf6 14. Qg3 Nh5 15. Qg4 Nf6 16. Qg3 1/2-1/2

[Event "7th Iberoamerican-ch 2019"]
[Site "Linares"]
[Date "2019.08.17"]
[Round "8.32"]
[White "Ingunza Curro, Andres"]
[Black "Forgas Moreno, Yaniela"]
[Result "0-1"]
[ECO "B92"]
[WhiteElo "2103"]
[BlackElo "2276"]
[Annotator "NA"]
[PlyCount "178"]
[EventDate "2019.08.10"]
[EventType "swiss"]
[EventCountry "ESP"]
[SourceTitle "playchess.com"]
[Source "ChessBase"]
[SourceQuality "1"]
[TimeControl "5400+30"]

1. e4 c5 2. Nf3 d6 3. Nc3 Nf6 4. d4 cxd4 5. Nxd4 a6 6. Be2 e5 7. Nb3 Be7 8. Bg5 Be6 9. Bxf6 Bxf6 10. Qd3 Nc6 11. O-O-O Nd4 12. Nxd4 exd4 13. Nd5 Bxd5 14. exd5 O-O 15. Kb1 Qa5 16. Bf3 Rac8 17. Be4 h6 18. h4 Qb4 19. Ka1 Rfe8 20. f3 b5 21. g4 Qc4 22. Qd2 d3 23. Bxd3 Qd4 24. c3 Qe3 25. Bf5 Qxd2 26. Rxd2 Rc7 27. Be4 a5 28. Kb1 Rb8 29. Rg2 g6 30. h5 g5 31. Rc2 Rcb7 32. Re1 b4 33. cxb4 Rxb4 34. Ree2 a4 35. a3 Rb3 36. Ka2 Kg7 37. Rf2 Be5 38. Rfe2 Kf6 39. Red2 R8b7 40. Rf2 R7b5 41. Rfd2 Ke7 42. Rc7+ Kd8 43. Rcc2 Rb7 44. Rf2 Kd7 45. Rfd2 Ke7 46. Rf2 Bg7 47. Rfe2 Be5 48. Rf2 R3b6 49. Rfd2 Kf6 50. Bf5 Rb3 51. Be4 Rb8 52. Rf2 Bd4 53. Rfe2 R3b5 54. Rcd2 Be5 55. Rf2 Rc8 56. Rc2 Rcb8 57. Rcd2 Rc5 58. Rc2 Bd4 59. Rfd2 Ke5 60. Re2 Kf4 61. Rcd2 Be5 62. Rf2 Rb3 63. Rf1 Ke3 64. Rff2 Rc1 65. Rde2+ Kf4 66. Rd2 Rc5 67. Kb1 Rcb5 68. Kc1 Rc5+ 69. Kd1 Rc4 70. Rg2 Rb8 71. Rge2 Rd4 72. Rxd4 Bxd4 73. Kc1 f6 74. Rc2 Ke3 75. Rc4 Bxb2+ 76. Kc2 Bd4 77. Rxa4 Rb2+ 78. Kd1 Ra2 79. Ra6 Bc5 80. a4 Ba3 81. Ra8 Rd2+ 82. Ke1 Bb4 83. Kf1 Ra2 84. Rh8 Kf4 85. Rxh6 Kg3 86. f4 Rf2+ 87. Kg1 Bc5 88. Bd3 Rf3+ 89. Kh1 Rxd3 0-1

[Event "7th Iberoamerican-ch 2019"]
[Site "Linares"]
[Date "2019.08.17"]
[Round "8.34"]
[White "Luque Saiz, Andres"]
[Black "Rodriguez Perez, Angel Mariano"]
[Result "1/2-1/2"]
[ECO "B45"]
[WhiteElo "2106"]
[BlackElo "2223"]
[Annotator "NA"]
[PlyCount "117"]
[EventDate "2019.08.10"]
[EventType "swiss"]
[EventCountry "ESP"]
[SourceTitle "playchess.com"]
[Source "ChessBase"]
[SourceQuality "1"]
[TimeControl "5400+30"]

1. e4 c5 2. Nf3 e6 3. Nc3 Nc6 4. d4 cxd4 5. Nxd4 Nf6 6. g3 d5 7. exd5 Nxd5 8. Nde2 Bb4 9. Bg2 Nxc3 10. Qxd8+ Nxd8 11. Nxc3 Bxc3+ 12. bxc3 Bd7 13. Ba3 Rc8 14. O-O-O Bc6 15. f3 h5 16. Rd3 h4 17. g4 h3 18. Bf1 e5 19. Re3 f6 20. Bd3 Bd5 21. Kb1 Kf7 22. Rd1 Ne6 23. Bf5 Bc6 24. f4 g6 25. Bxe6+ Kxe6 26. fxe5 fxe5 27. Rd6+ Kf7 28. Rxe5 Rce8 29. Rxe8 Rxe8 30. Rd3 Re1+ 31. Kb2 Bg2 32. c4 Kf6 33. Kc3 Kg5 34. Bd6 Kxg4 35. Rd4+ Kf5 36. Bg3 Rf1 37. Rd7 Ke6 38. Rd6+ Kf5 39. Rd7 Kg5 40. Rd4 Bc6 41. Rd3 Be4 42. Re3 Kf5 43. Bb8 Rf2 44. Rxh3 Rxc2+ 45. Kb3 a6 46. Rc3 Re2 47. a3 Bc6 48. Rd3 g5 49. Kc3 g4 50. Rd2 Re1 51. Rf2+ Bf3 52. Bg3 Rc1+ 53. Rc2 Rb1 54. Rb2 Ra1 55. Kb4 Ke4 56. Rb3 Kd4 57. Bf2+ Ke4 58. Bg3 Kd4 59. Bf2+ 1/2-1/2

[Event "7th Iberoamerican-ch 2019"]
[Site "Linares"]
[Date "2019.08.17"]
[Round "8.35"]
[White "Jimenez Bernal, Francisco"]
[Black "Collado Barbas, Laura"]
[Result "1/2-1/2"]
[ECO "D31"]
[WhiteElo "2222"]
[BlackElo "2070"]
[Annotator "NA"]
[PlyCount "80"]
[EventDate "2019.08.10"]
[EventType "swiss"]
[EventCountry "ESP"]
[SourceTitle "playchess.com"]
[Source "ChessBase"]
[SourceQuality "1"]
[TimeControl "5400+30"]

1. d4 d5 2. c4 e6 3. Nc3 c6 4. e4 dxe4 5. Nxe4 Bb4+ 6. Bd2 Qxd4 7. Bxb4 Qxe4+ 8. Ne2 Na6 9. Bf8 Ne7 10. Bxg7 Nb4 11. Qd6 Nc2+ 12. Kd2 Nxa1 13. Bxh8 Qc2+ 14. Ke1 Qb1+ 15. Qd1 Qxa2 16. Nc1 Qa6 17. Bd3 e5 18. Bxe5 Be6 19. Bf6 Rd8 20. Qe2 Qa4 21. f4 Nb3 22. Nxb3 Qxb3 23. Bc3 Bg4 24. Bc2 Qxc3+ 25. bxc3 Bxe2 26. Kxe2 h6 27. g4 f6 28. Be4 Kf7 29. Rb1 Rd7 30. Ke3 f5 31. Bf3 Nc8 32. c5 Ne7 33. c4 Kf6 34. h3 Ng6 35. gxf5 Re7+ 36. Be4 Nh4 37. Rd1 Nxf5+ 38. Kf3 Nh4+ 39. Ke3 Nf5+ 40. Kf3 Nh4+ 1/2-1/2

[Event "7th Iberoamerican-ch 2019"]
[Site "Linares"]
[Date "2019.08.17"]
[Round "8.36"]
[White "Martinez-Conde Hernandez, Carlos"]
[Black "Rodriguez Del Cerro, Ricardo"]
[Result "1-0"]
[ECO "B33"]
[WhiteElo "2046"]
[BlackElo "2184"]
[Annotator "NA"]
[PlyCount "67"]
[EventDate "2019.08.10"]
[EventType "swiss"]
[EventCountry "ESP"]
[SourceTitle "playchess.com"]
[Source "ChessBase"]
[SourceQuality "1"]
[TimeControl "5400+30"]

1. e4 c5 2. Nf3 Nc6 3. d4 cxd4 4. Nxd4 Nf6 5. Nc3 e5 6. Ndb5 d6 7. Bg5 a6 8. Na3 b5 9. Nd5 Be7 10. Bxf6 Bxf6 11. c4 b4 12. Nc2 O-O 13. g3 Bg5 14. Bg2 Qa5 15. O-O Qc5 16. Kh1 a5 17. f4 Bh6 18. Nce3 Kh8 19. Nf5 Bxf5 20. exf5 Ra7 21. Qh5 exf4 22. gxf4 Qxc4 23. Rac1 Qb5 24. f6 Nd4 25. Rce1 Re8 26. Nb6 Rb8 27. Nd5 Ne6 28. f5 Nc5 29. Re7 Rxe7 30. fxe7 Qd7 31. Re1 Nd3 32. Nf6 gxf6 33. Qxh6 Nxe1 34. Qf8+ 1-0

[Event "7th Iberoamerican-ch 2019"]
[Site "Linares"]
[Date "2019.08.17"]
[Round "8.37"]
[White "Torres Sanchez, Jose"]
[Black "Garcia Morales, Ivette Ale"]
[Result "1-0"]
[ECO "C00"]
[WhiteElo "2304"]
[BlackElo "1988"]
[Annotator "NA"]
[PlyCount "59"]
[EventDate "2019.08.10"]
[EventType "swiss"]
[EventCountry "ESP"]
[SourceTitle "playchess.com"]
[Source "ChessBase"]
[SourceQuality "1"]
[TimeControl "5400+30"]

1. e4 e6 2. f4 d5 3. e5 c5 4. Nf3 Nc6 5. c3 f6 6. d4 cxd4 7. cxd4 g6 8. Nc3 Nh6 9. h4 Nf5 10. g4 Ng3 11. Rh3 Nxf1 12. Kxf1 Bd7 13. h5 g5 14. Kg1 Qb6 15. Na4 Qc7 16. Be3 gxf4 17. Bxf4 Rg8 18. Rg3 O-O-O 19. Rc1 Kb8 20. a3 fxe5 21. Nxe5 Bd6 22. Nc5 Rgf8 23. Nxc6+ Qxc6 24. Nxe6 Qb6 25. Rb3 Bb5 26. Rxb5 Qxb5 27. Bxd6+ Rxd6 28. Nxf8 Qe8 29. Qf3 Rb6 30. Nd7+ 1-0

[Event "7th Iberoamerican-ch 2019"]
[Site "Linares"]
[Date "2019.08.17"]
[Round "8.38"]
[White "Castillo Gallego, Sergio"]
[Black "Alvarez Morales, Miguel"]
[Result "1-0"]
[ECO "B43"]
[WhiteElo "2203"]
[BlackElo "1965"]
[Annotator "NA"]
[PlyCount "47"]
[EventDate "2019.08.10"]
[EventType "swiss"]
[EventCountry "ESP"]
[SourceTitle "playchess.com"]
[Source "ChessBase"]
[SourceQuality "1"]
[TimeControl "5400+30"]

1. e4 c5 2. Nf3 e6 3. d4 cxd4 4. Nxd4 a6 5. Nc3 Qc7 6. Qf3 Nf6 7. Bg5 Be7 8. O-O-O d6 9. Be2 Nbd7 10. Rhe1 b5 11. e5 Bb7 12. exf6 Bxf3 13. Bxf3 gxf6 14. Rxe6 fxe6 15. Nxe6 Ne5 16. Nxc7+ Kd7 17. Nxa8 Nxf3 18. Nb6+ Kc6 19. Nbd5 Bd8 20. Bxf6 Bxf6 21. Nxf6 Ne5 22. Nce4 Nf7 23. g4 h6 24. f4 {[%emt 0:00:17] Kd5} 1-0

[Event "7th Iberoamerican-ch 2019"]
[Site "Linares"]
[Date "2019.08.17"]
[Round "8.39"]
[White "Arroyo Rodriguez, Jesus"]
[Black "Riquelme Valero, Manuel Damian"]
[Result "1-0"]
[ECO "B10"]
[WhiteElo "2126"]
[BlackElo "2157"]
[Annotator "NA"]
[PlyCount "80"]
[EventDate "2019.08.10"]
[EventType "swiss"]
[EventCountry "ESP"]
[SourceTitle "playchess.com"]
[Source "ChessBase"]
[SourceQuality "1"]
[TimeControl "5400+30"]

1. e4 c6 2. Nc3 d5 3. Nf3 dxe4 4. Nxe4 Nf6 5. Qe2 Nxe4 6. Qxe4 Qd5 7. Qf4 Qf5 8. Qe3 Qxc2 9. Bd3 Qa4 10. b3 Qg4 11. O-O Qe6 12. Bc4 Qxe3 13. fxe3 f6 14. a4 b6 15. b4 a5 16. b5 c5 17. d4 e6 18. Kh1 Bd6 19. Ba3 Ke7 20. e4 cxd4 21. e5 Bxa3 22. Rxa3 f5 23. Nxd4 Rd8 24. Rd3 Ra7 25. Rfd1 Rad7 26. Kg1 Bb7 27. Bxe6 Be4 28. Bxd7 Bxd3 29. Nc6+ Nxc6 30. bxc6 Ba6 31. e6 g5 32. Kf2 Rf8 33. c7 f4 34. Rd5 h6 35. h4 Rg8 36. hxg5 hxg5 37. Rf5 Kd6 38. Rf7 Bc8 39. Bxc8 Rxc8 40. e7 Kd5 1-0

[Event "7th Iberoamerican-ch 2019"]
[Site "Linares"]
[Date "2019.08.17"]
[Round "8.40"]
[White "Gomez Barrera, Javiera Belen"]
[Black "Gil Quilez, Sonia"]
[Result "0-1"]
[ECO "C11"]
[WhiteElo "2156"]
[BlackElo "2102"]
[Annotator "NA"]
[PlyCount "124"]
[EventDate "2019.08.10"]
[EventType "swiss"]
[EventCountry "ESP"]
[SourceTitle "playchess.com"]
[Source "ChessBase"]
[SourceQuality "1"]
[TimeControl "5400+30"]

1. e4 e6 2. d4 d5 3. Nc3 Nf6 4. e5 Nfd7 5. Nce2 c5 6. f4 Nc6 7. c3 cxd4 8. cxd4 f6 9. Nf3 Bb4+ 10. Bd2 Qb6 11. a3 Bxd2+ 12. Qxd2 O-O 13. b4 a5 14. b5 Qxb5 15. Nc3 Qb6 16. Rb1 Qd8 17. h4 fxe5 18. fxe5 h6 19. Nb5 Rb8 20. Bd3 Qe8 21. h5 Qf7 22. Rh4 Kh8 23. Nd6 Qe7 24. Rg4 Rxf3 25. gxf3 Ndxe5 26. dxe5 Nxe5 27. Nxc8 Qxa3 28. Be2 Nxg4 29. Qc1 Qxc1+ 30. Rxc1 Nf6 31. f4 b5 32. Nd6 b4 33. Rb1 Kg8 34. Kd1 Kf8 35. Kc2 Ke7 36. Nb5 Nxh5 37. Na7 Rb7 38. Nc6+ Kd6 39. Nxa5 Rc7+ 40. Kd2 Nxf4 41. Bf1 Ra7 42. Rxb4 Rxa5 43. Rxf4 g5 44. Rf6 Ra2+ 45. Ke3 Rh2 46. Kf3 Ke5 47. Rg6 Rh4 48. Kg3 Rf4 49. Be2 Rf6 50. Rxf6 Kxf6 51. Kg4 Ke5 52. Bd1 Ke4 53. Bc2+ Kd4 54. Kh5 e5 55. Bd1 Ke4 56. Kxh6 Kf4 57. Kg6 g4 58. Be2 g3 59. Bf1 e4 60. Bg2 d4 61. Kh5 d3 62. Bf1 d2 0-1

[Event "7th Iberoamerican-ch 2019"]
[Site "Linares"]
[Date "2019.08.18"]
[Round "9.3"]
[White "Flores, Diego"]
[Black "Cruz, Cristhian"]
[Result "1/2-1/2"]
[ECO "A35"]
[WhiteElo "2604"]
[BlackElo "2559"]
[Annotator "ChessBase"]
[PlyCount "166"]
[EventDate "2019.08.10"]
[EventType "swiss"]
[EventCountry "ESP"]
[SourceTitle "playchess.com"]
[Source "ChessBase"]
[SourceQuality "1"]
[TimeControl "5400+30"]

1. Nf3 c5 2. c4 Nc6 3. Nc3 Nf6 4. g3 d5 5. cxd5 Nxd5 6. Bg2 Nc7 7. a3 g6 8. h4 h6 9. d3 Bg7 10. Bd2 Bd7 11. Rb1 Rc8 12. b4 Nd4 13. bxc5 Bc6 14. O-O Nxf3+ 15. Bxf3 Bxf3 16. exf3 O-O 17. Rxb7 Qxd3 18. Qe2 Rfd8 19. Qxd3 Rxd3 20. Nb1 Bd4 21. Kg2 Nd5 22. Rc1 Rxc5 23. Rxc5 Bxc5 24. Bxh6 Bb6 25. a4 Kh7 26. Bg5 Rd1 27. Na3 f6 28. Be3 Ra1 29. Bxb6 axb6 30. Nc4 Kg7 31. Ne3 Nxe3+ 32. fxe3 Kf7 33. g4 Rxa4 34. Rxb6 Ra2+ 35. Kg3 Re2 36. e4 Re1 37. g5 fxg5 38. hxg5 Rg1+ 39. Kf4 Ra1 40. Rb2 Ra5 41. Kg4 Ra4 42. Rb5 Rc4 43. Re5 Rc1 44. Kf4 Rc4 45. Ke3 Rc3+ 46. Kf4 Ra3 47. Rd5 Rb3 48. Kg4 Rb4 49. Rd3 Ra4 50. Re3 Ra1 51. f4 Rg1+ 52. Rg3 Re1 53. Kf3 e5 54. f5 Rf1+ 55. Ke2 Rf4 56. f6 Rxe4+ 57. Re3 Ra4 58. Rxe5 Rg4 59. Kf3 Rg1 60. Ke4 Re1+ 61. Kd5 Rd1+ 62. Kc6 Rc1+ 63. Kd6 Rd1+ 64. Rd5 Rg1 65. Ra5 Rd1+ 66. Ke5 Re1+ 67. Kf4 Rf1+ 68. Kg3 Rg1+ 69. Kf3 Kf8 70. Re5 Kf7 71. Re7+ Kf8 72. Kf4 Rf1+ 73. Ke5 Re1+ 74. Kd6 Rd1+ 75. Kc6 Rc1+ 76. Kd5 Rd1+ 77. Ke4 Re1+ 78. Kf4 Rf1+ 79. Ke3 Rf5 80. Rg7 Rxg5 81. Ke4 Rh5 82. Rxg6 Kf7 83. Rg7+ Kxf6 1/2-1/2

[Event "7th Iberoamerican-ch 2019"]
[Site "Linares"]
[Date "2019.08.18"]
[Round "9.4"]
[White "Krysa, Leandro"]
[Black "Salgado Lopez, Ivan"]
[Result "1/2-1/2"]
[ECO "A26"]
[WhiteElo "2516"]
[BlackElo "2596"]
[Annotator "ChessBase"]
[PlyCount "72"]
[EventDate "2019.08.10"]
[EventType "swiss"]
[EventCountry "ESP"]
[SourceTitle "playchess.com"]
[Source "ChessBase"]
[SourceQuality "1"]
[TimeControl "5400+30"]

1. c4 e5 2. Nc3 Nc6 3. g3 g6 4. Bg2 Bg7 5. d3 d6 6. e3 Nge7 7. Nge2 Bg4 8. Rb1 Qd7 9. Nd5 O-O 10. h3 Be6 11. b4 Nc8 12. h4 Nd8 13. b5 a6 14. a4 axb5 15. axb5 c6 16. bxc6 bxc6 17. Ndc3 d5 18. cxd5 cxd5 19. Rb5 Nd6 20. Rxd5 Bxd5 21. Nxd5 Ra1 22. h5 Ne6 23. h6 Bh8 24. Nec3 e4 25. Nxe4 Nxe4 26. dxe4 Qa7 27. O-O Rb8 28. Qc2 Qc5 29. Qxc5 Nxc5 30. Bd2 Rxf1+ 31. Kxf1 Rb2 32. Ba5 Ra2 33. Bc7 Ra1+ 34. Ke2 Ra2+ 35. Kf1 Ra1+ 36. Ke2 Ra2+ 1/2-1/2

[Event "7th Iberoamerican-ch 2019"]
[Site "Linares"]
[Date "2019.08.18"]
[Round "9.5"]
[White "Lopez Martinez, Josep Manuel"]
[Black "Escobar Forero, Alder"]
[Result "1/2-1/2"]
[ECO "B31"]
[WhiteElo "2581"]
[BlackElo "2477"]
[Annotator "ChessBase"]
[PlyCount "116"]
[EventDate "2019.08.10"]
[EventType "swiss"]
[EventCountry "ESP"]
[SourceTitle "playchess.com"]
[Source "ChessBase"]
[SourceQuality "1"]
[TimeControl "5400+30"]

1. e4 c5 2. Nf3 Nc6 3. Bb5 g6 4. Bxc6 dxc6 5. d3 Bg7 6. h3 Nf6 7. Nc3 Nd7 8. Be3 e5 9. Qd2 Qe7 10. a3 b6 11. Bh6 Bxh6 12. Qxh6 f6 13. O-O Nf8 14. Nh4 Be6 15. f4 exf4 16. Rxf4 O-O-O 17. Raf1 Nd7 18. R4f2 Rhe8 19. Nf3 Kb7 20. Ne2 Bg8 21. Nd2 Qe5 22. c3 Re7 23. Qe3 Qd6 24. Nc1 Rde8 25. Qf4 Qxf4 26. Rxf4 Re6 27. Kf2 Rd6 28. Ke2 a5 29. Kd1 b5 30. Kc2 Kb6 31. g4 Be6 32. R4f2 a4 33. Nf3 Bb3+ 34. Nxb3 axb3+ 35. Kxb3 Rxd3 36. Re2 c4+ 37. Kc2 Nc5 38. e5 Re6 39. Ree1 Nb3 40. Re2 g5 41. Rff2 h6 42. Nd2 Nxd2 43. Rxd2 Rxd2+ 44. Kxd2 fxe5 45. Ke3 e4 46. Rd2 Kc5 47. Rd4 Rf6 48. Rxe4 Rd6 49. Re5+ Kb6 50. h4 gxh4 51. Rh5 h3 52. Kf4 Ka5 53. Rxh3 Ka4 54. Ke5 Rg6 55. Kf5 Rd6 56. Ke5 Rg6 57. Kf5 Rd6 58. Ke5 Rg6 1/2-1/2

[Event "7th Iberoamerican-ch 2019"]
[Site "Linares"]
[Date "2019.08.18"]
[Round "9.6"]
[White "Cuenca Jimenez, Jose Fernando"]
[Black "Huerga Leache, Mikel"]
[Result "0-1"]
[ECO "A05"]
[WhiteElo "2515"]
[BlackElo "2440"]
[Annotator "ChessBase"]
[PlyCount "96"]
[EventDate "2019.08.10"]
[EventType "swiss"]
[EventCountry "ESP"]
[SourceTitle "playchess.com"]
[Source "ChessBase"]
[SourceQuality "1"]
[TimeControl "5400+30"]

1. Nf3 Nf6 2. c4 b6 3. g3 Bb7 4. Bg2 g6 5. d4 Bg7 6. d5 e6 7. Nc3 exd5 8. cxd5 O-O 9. O-O Re8 10. Nd4 c5 11. dxc6 dxc6 12. Bf4 Qc8 13. Rc1 Rd8 14. Ncb5 Ne8 15. Bg5 Rd7 16. Bh3 a6 17. Bxd7 Qxd7 18. Nc3 Bxd4 19. e3 Bg7 20. Qb3 b5 21. Ne4 Qd5 22. Nc5 Bc8 23. Qxd5 cxd5 24. b3 Nd7 25. Nd3 Bb7 26. Rfd1 Bf8 27. Bf4 a5 28. Ne5 Nc5 29. h4 f6 30. Nd3 Ne6 31. Rc2 h6 32. g4 d4 33. Kf1 g5 34. hxg5 hxg5 35. Bg3 Bf3 36. Rdc1 Ba3 37. Re1 Kf7 38. Kg1 Rd8 39. e4 Nd6 40. e5 Rh8 41. Bh2 Ne4 42. Ra1 Nc3 43. Re1 Nf4 44. Nxf4 gxf4 45. e6+ Ke7 46. Rd2 Bc5 47. Rd3 Be4 48. Rd2 d3 0-1

[Event "7th Iberoamerican-ch 2019"]
[Site "Linares"]
[Date "2019.08.18"]
[Round "9.8"]
[White "Larino Nieto, David"]
[Black "Delgado Ramirez, Neuris"]
[Result "0-1"]
[ECO "A01"]
[WhiteElo "2457"]
[BlackElo "2612"]
[Annotator "ChessBase"]
[PlyCount "74"]
[EventDate "2019.08.10"]
[EventType "swiss"]
[EventCountry "ESP"]
[SourceTitle "playchess.com"]
[Source "ChessBase"]
[SourceQuality "1"]
[TimeControl "5400+30"]

1. b3 g6 2. Bb2 Nf6 3. g3 Bg7 4. Bg2 O-O 5. Nf3 d5 6. c4 c6 7. O-O Re8 8. d4 Be6 9. cxd5 cxd5 10. Nc3 Nc6 11. Ne5 Rc8 12. h3 Ne4 13. Nxc6 bxc6 14. Nxe4 dxe4 15. Qc2 f5 16. e3 Bd5 17. Rfc1 e6 18. Ba3 h5 19. h4 Bf6 20. Bc5 Rc7 21. Qe2 Rh7 22. Bh3 g5 23. hxg5 Bxg5 24. Kg2 a5 25. Rh1 Be7 26. Rac1 Bxc5 27. Rxc5 h4 28. Kf1 Kh8 29. Bg2 Rg8 30. Qe1 hxg3 31. Rxh7+ Kxh7 32. fxg3 a4 33. bxa4 Qb8 34. Rc1 Rxg3 35. Rb1 Qg8 36. Qf2 Qg4 37. a5 f4 0-1

[Event "7th Iberoamerican-ch 2019"]
[Site "Linares"]
[Date "2019.08.18"]
[Round "9.10"]
[White "Damaso, Rui"]
[Black "Fier, Alexandr"]
[Result "0-1"]
[ECO "B04"]
[WhiteElo "2417"]
[BlackElo "2558"]
[Annotator "ChessBase"]
[PlyCount "184"]
[EventDate "2019.08.10"]
[EventType "swiss"]
[EventCountry "ESP"]
[SourceTitle "playchess.com"]
[Source "ChessBase"]
[SourceQuality "1"]
[TimeControl "5400+30"]

1. e4 Nf6 2. e5 Nd5 3. d4 d6 4. Nf3 g6 5. Bc4 Nb6 6. Bb3 Bg7 7. Ng5 e6 8. Qf3 Qe7 9. Ne4 dxe5 10. Bg5 Qb4+ 11. Bd2 Qe7 12. Bg5 Qb4+ 13. Bd2 Qxd4 14. Nf6+ Bxf6 15. Qxf6 Rg8 16. Nc3 N6d7 17. Qf3 Nc6 18. O-O-O Qh4 19. Nb5 Qd8 20. Qh3 a6 21. Qxh7 Rf8 22. Nc3 Qf6 23. Qh3 Nc5 24. Rhe1 Bd7 25. Qg3 Qf5 26. f3 O-O-O 27. Ne4 Nxe4 28. Rxe4 f6 29. c3 Rh8 30. Rg4 Rdg8 31. Be3 Qh5 32. Bg1 g5 33. Qf2 Qe8 34. Rc4 b6 35. Bc2 f5 36. b4 Rh4 37. Bd3 Rxc4 38. Bxc4 Nb8 39. Qe3 Bb5 40. Bb3 Ba4 41. Qxe5 Bxb3 42. axb3 Qc6 43. Re1 Nd7 44. Qe3 g4 45. fxg4 Rxg4 46. Qf3 Qxf3 47. gxf3 Rg6 48. Be3 Ne5 49. Rf1 Rg2 50. h4 Rh2 51. Bg5 c5 52. bxc5 bxc5 53. Kb1 Ng6 54. Re1 Kd7 55. Rd1+ Kc6 56. Re1 e5 57. c4 Rh3 58. Ka2 Kd6 59. Bf6 f4 60. Bg7 Rxh4 61. Rg1 Rh2+ 62. Ka3 Nh4 63. Bf8+ Kc6 64. Rd1 Nxf3 65. Rd6+ Kb7 66. Re6 Nd4 67. Rxe5 f3 68. Re7+ Kc6 69. Rf7 Re2 70. Rf6+ Re6 71. Rf4 Nc2+ 72. Ka4 Re1 73. Bg7 Re3 74. Rf6+ Kd7 75. Rf5 Ke6 76. Rf6+ Ke7 77. Rf4 Kd7 78. Bf8 Re1 79. Ka5 Nd4 80. Kxa6 Kc6 81. Rf6+ Re6 82. Rf7 Re2 83. Ka7 f2 84. Rf6+ Ne6 85. b4 cxb4 86. Bxb4 Kd7 87. Kb6 Rb2 88. Ka5 Ng5 89. Bc5 Ne4 90. Rf7+ Ke6 91. Re7+ Kf6 92. Rxe4 Ra2+ 0-1

[Event "7th Iberoamerican-ch 2019"]
[Site "Linares"]
[Date "2019.08.18"]
[Round "9.11"]
[White "Martinez Duany, Lelys Stanley"]
[Black "Fluvia Poyatos, Jordi"]
[Result "1/2-1/2"]
[ECO "B14"]
[WhiteElo "2526"]
[BlackElo "2455"]
[Annotator "ChessBase"]
[PlyCount "66"]
[EventDate "2019.08.10"]
[EventType "swiss"]
[EventCountry "ESP"]
[SourceTitle "playchess.com"]
[Source "ChessBase"]
[SourceQuality "1"]
[TimeControl "5400+30"]

1. e4 c6 2. d4 d5 3. exd5 cxd5 4. c4 Nf6 5. Nc3 g6 6. cxd5 Bg7 7. Bb5+ Nbd7 8. d6 exd6 9. Qe2+ Qe7 10. Bf4 Qxe2+ 11. Ngxe2 d5 12. Bd6 a6 13. Bd3 Nb6 14. b3 Be6 15. Rc1 Rc8 16. O-O Rc6 17. Bc5 Nfd7 18. b4 Nxc5 19. bxc5 Nc8 20. Rb1 Rc7 21. Rb4 Ne7 22. Rfb1 Bc8 23. Nf4 O-O 24. Ncxd5 Nxd5 25. Nxd5 Rd7 26. Be4 Rfd8 27. Re1 Kf8 28. Nb6 Rxd4 29. Rxd4 Bxd4 30. Nxc8 Rxc8 31. Bxb7 Rxc5 32. Kf1 Rc2 33. Re2 Rc1+ 1/2-1/2

[Event "7th Iberoamerican-ch 2019"]
[Site "Linares"]
[Date "2019.08.18"]
[Round "9.12"]
[White "Sosa, Tomas"]
[Black "Plazuelo Pascual, Juan"]
[Result "0-1"]
[ECO "C03"]
[WhiteElo "2508"]
[BlackElo "2411"]
[Annotator "ChessBase"]
[PlyCount "76"]
[EventDate "2019.08.10"]
[EventType "swiss"]
[EventCountry "ESP"]
[SourceTitle "playchess.com"]
[Source "ChessBase"]
[SourceQuality "1"]
[TimeControl "5400+30"]

1. e4 e6 2. d4 d5 3. Nd2 Be7 4. e5 c5 5. dxc5 Nd7 6. Ngf3 Qc7 7. Bb5 Bxc5 8. Nb3 Bb6 9. O-O a6 10. Bxd7+ Bxd7 11. Re1 Rc8 12. c3 Ba4 13. Be3 Bxe3 14. Rxe3 Ne7 15. Nfd4 Bxb3 16. axb3 Nc6 17. Qg4 O-O 18. Nxc6 bxc6 19. Rxa6 Ra8 20. Ra3 Rfb8 21. Qd1 c5 22. Rxa8 Rxa8 23. h4 Qb8 24. h5 h6 25. f4 Ra2 26. Re2 Qa7 27. Kh2 Ra1 28. Qd3 Rf1 29. Kg3 Rh1 30. c4 Qe7 31. Kf3 Qh4 32. Qd2 Qxh5+ 33. Ke3 d4+ 34. Ke4 Rf1 35. Rf2 Rd1 36. Qc2 d3 37. Qc3 Qe2+ 38. Rxe2 dxe2 {[%emt 0:00:02] Kd4} 0-1

[Event "7th Iberoamerican-ch 2019"]
[Site "Linares"]
[Date "2019.08.18"]
[Round "9.13"]
[White "Salinas Herrera, Pablo"]
[Black "Cruz Ravina, Francisco Javier"]
[Result "1/2-1/2"]
[ECO "A48"]
[WhiteElo "2506"]
[BlackElo "2366"]
[Annotator "ChessBase"]
[PlyCount "190"]
[EventDate "2019.08.10"]
[EventType "swiss"]
[EventCountry "ESP"]
[SourceTitle "playchess.com"]
[Source "ChessBase"]
[SourceQuality "1"]
[TimeControl "5400+30"]

1. Nf3 Nf6 2. d4 g6 3. Nbd2 Bg7 4. e4 d6 5. Bb5+ c6 6. Bd3 Qc7 7. O-O O-O 8. c3 e5 9. Re1 Bg4 10. h3 Bxf3 11. Nxf3 Nbd7 12. a3 Rfe8 13. dxe5 dxe5 14. b4 c5 15. Qe2 Rac8 16. Be3 Red8 17. Rec1 c4 18. Bc2 Nf8 19. a4 b6 20. Rd1 Ne6 21. g3 a6 22. Rxd8+ Nxd8 23. a5 b5 24. Rd1 Nc6 25. Bb6 Qe7 26. Qd2 Bf8 27. Nh2 Qe6 28. Kg2 Re8 29. Qe2 Re7 30. Ng4 Nxg4 31. Qxg4 Qxg4 32. hxg4 g5 33. Be3 h6 34. Rd5 Kg7 35. f4 f6 36. Bc5 Rc7 37. Bb6 Rb7 38. Rd1 Kf7 39. Be3 Ke6 40. Kf3 Rc7 41. Ke2 Rb7 42. Rf1 Rb8 43. Bb6 Bd6 44. Rh1 Rh8 45. fxg5 fxg5 46. Be3 Be7 47. Bb1 Nb8 48. Ba2 Nd7 49. Bb1 Rh7 50. Bc2 Nf6 51. Kf3 Bf8 52. Bb6 Rf7 53. Ke2 Rd7 54. Rf1 Rf7 55. Rd1 Rd7 56. Rf1 Rf7 57. Ke1 Nd7 58. Bf2 Rf3 59. Kd2 Nf6 60. Bd1 Nxe4+ 61. Ke2 Rxf2+ 62. Rxf2 Nxf2 63. Kxf2 e4 64. Bc2 Bg7 65. Bxe4 Bxc3 66. Bb7 Kd6 67. Bxa6 Kc6 68. Bc8 Bxb4 69. a6 Bc5+ 70. Ke2 Bb6 71. Kd2 Kc5 72. Be6 Kb4 73. Kc2 Ka5 74. Bc8 b4 75. Be6 Kb5 76. Kd2 Bd4 77. Bf7 Bb6 78. Be6 Kc5 79. Kc2 Kd4 80. Bf7 b3+ 81. Kb2 Kd3 82. Bg6+ Kd2 83. Bf5 Bd4+ 84. Ka3 Kc1 85. Kb4 b2 86. Kxc4 Ba7 87. Kd5 b1=Q 88. Bxb1 Kxb1 89. Ke6 Kc2 90. Kf6 Kd3 91. Kg6 Ke4 92. Kxh6 Be3 93. a7 Bxa7 94. Kxg5 Kf3 95. Kf5 Bd4 {[%emt 0:00:12] Ke5 Ke4+} 1/2-1/2